 Dungeon Crawl Stone Soup version 0.20.1-1-g8b1a95d (webtiles) character file.

8169 JeffiDaFish the Basher (level 11, -6/73 HPs)
             Began as a Gargoyle Fighter on Oct 24, 2017.
             Was a High Priest of Okawaru.
             Mangled by a freezing wraith (23 damage)
             ... led by a death knight
             ... on level 13 of the Dungeon.
             The game lasted 00:24:06 (8588 turns).

JeffiDaFish the Basher (Gargoyle Fighter)           Turns: 8588, Time: 00:24:06

Health: -6/73      AC: 29    Str: 25    XL:     11   Next: 26%
Magic:  11/11      EV:  9    Int:  9    God:    Okawaru [*****.]
Gold:   265        SH: 12    Dex: 14    Spells: 10/10 levels left

rFire    + . .     SeeInvis .   a - +3 flail (venom)
rCold    . . .     Gourm    .   c - +0 shield
rNeg     + . .     Faith    .   v - +2 chain mail {rPois}
rPois    ∞         Spirit   .   (helmet restricted)
rElec    +         Reflect  .   b - +2 cloak
rCorr    .         Harm     .   (no gloves)
MR       .....                  p - +2 pair of boots
Stlth    ..........             (no amulet)
Regen    0.3/turn               k - ring of protection from fire
MPRegen  0.2/turn               q - +3 ring of protection

@: mighty
A: antennae 1, agile 1, negative energy resistance 1, robust 1, electricity
resistance, unbreathing, petrification resistance, rot immunity, AC +7
a: Heroism, Finesse, Renounce Religion


You were on level 13 of the Dungeon.
You worshipped Okawaru.
Okawaru was extremely pleased with you.
You were not hungry.

You visited 2 branches of the dungeon, and saw 12 of its levels.
You also visited: Ossuary.

You collected 487 gold pieces.
You spent 222 gold pieces at shops.

Inventory:

Hand Weapons
 a - a +3 flail of venom (weapon)
Armour
 b - a +2 cloak (worn)
 c - a +0 shield (worn)
 p - a +2 pair of boots (worn)
 v - a +2 chain mail of poison resistance (worn)
Jewellery
 k - a ring of protection from fire (left hand)
 q - a +3 ring of protection (right hand)
Wands
 x - a wand of clouds (0/9)
 y - a wand of iceblast (13/15)
Scrolls
 e - 6 scrolls of remove curse
 g - 10 scrolls of identify
 i - 5 scrolls of teleportation
 n - a scroll of amnesia
 r - 2 scrolls of fog
 t - a scroll of enchant armour
Potions
 d - 5 potions of might
 j - 2 potions of brilliance
 l - 3 potions of haste
 m - a potion of heal wounds
 o - a potion of flight
 u - a potion of curing
Comestibles
 f - 8 bread rations
 h - 3 royal jellies
 s - 3 chunks of flesh
 w - 2 meat rations


   Skills:
 + Level 7.5 Fighting
 + Level 11.5 Maces & Flails
 + Level 7.3 Armour
 + Level 2.8 Dodging
 + Level 0.8 Stealth
 + Level 9.9 Shields
 + Level 0.3 Evocations


You had 10 spell levels left.
You didn't know any spells.

Dungeon Overview and Level Annotations

Branches:
Dungeon (10/15)            Temple (1/1) D:5
   Lair: D:8-11         Orc: D:9-12

Altars:
Ashenzari
Cheibriados
Dithmenos
Elyvilon
Fedhas
Gozag
Hepliaklqana
Kikubaaqudgha
Makhleb
Nemelex Xobeh
Okawaru
Qazlal
Ru
Sif Muna
Trog
Vehumet
Xom
Yredelemnul
Zin
The Shining One

Shops:
D:4 !   D:7 *%[   D:8 *


Innate Abilities, Weirdness & Mutations

You are resistant to torment.
Your stone body is resilient. (AC +7)
You are immune to poison.
You resist negative energy. (rN+)
You are resistant to electric shocks. (rElec)
You can survive without breathing.
You are immune to petrification.
You are immune to rotting.
You have a pair of small antennae on your head.
You are agile. (Dex +2)
You are robust. (+10% HP)


Message History

The freezing wraith hits you but does no damage. x2
You closely miss the freezing wraith.
The freezing wraith is severely damaged.
The freezing wraith hits you but does no damage.
You block the freezing wraith's attack.
You sock the freezing wraith!
You destroy the freezing wraith!
Okawaru accepts your kill.
You hit the freezing wraith.
The freezing wraith is lightly damaged.
You closely miss the freezing wraith.
The freezing wraith is lightly damaged.
The freezing wraith closely misses you. The freezing wraith hits you.
* * * LOW HITPOINT WARNING * * *
You closely miss the freezing wraith.
The freezing wraith is lightly damaged.
The freezing wraith hits you.
* * * LOW HITPOINT WARNING * * *
The freezing wraith freezes you!!
You die...

##### ###########
##.....
###.........##.......
.............$.......
............)).......
#..........#.......
..###.......#...####
#W##....#.W..#
#@#######......
#.....# .......
.......# .......
##........ .......
#..........
...........
............
.............


You could see a freezing wraith.

Vanquished Creatures
  A two-headed ogre (D:8)
  A death knight (D:13)
  A skeletal warrior (D:13)
  2 freezing wraiths (D:13)
  2 trolls
  A hippogriff (D:7)
  Sigmund (D:4)
  2 wyverns
  A steam dragon (D:9)
  Menkaure (Ossuary)
  3 water moccasins
  Duvessa (D:7)
  2 black bears
  3 orc warriors
  A phantom (D:9)
  2 ice beasts
  3 sky beasts
  3 ogres (D:8)
  2 centaurs
  A crocodile (D:10)
  3 bullfrogs
  Dowan (D:7)
  2 scorpions
  9 killer bees (D:8)
  8 wights
  A howler monkey (D:4)
  2 crimson imps (D:7)
  A bullfrog zombie (D:5)
  A quasit (D:9)
  A centaur zombie (D:5)
  7 hounds
  5 jellies
  6 orc priests
  A bullfrog skeleton (D:4)
  3 iguanas
  Terence (D:2)
  4 worker ants
  11 orc wizards
  A hound zombie (D:5)
  3 mummies (Ossuary)
  2 worker ant zombies
  7 gnolls (D:5)
  A howler monkey skeleton (D:7)
  8 adders
  6 worms
  An adder skeleton (D:4)
  2 dart slugs
  5 leopard geckos
  24 orcs
  5 giant cockroaches
  4 gnoll zombies (Ossuary)
  8 goblins
  6 hobgoblins
  10 jackals
  3 quokkas
  4 ball pythons
  3 bats
  A frilled lizard (D:3)
  2 gnoll skeletons (Ossuary)
  3 goblin skeletons (Ossuary)
  6 goblin zombies
  2 hobgoblin skeletons (Ossuary)
  3 hobgoblin zombies (Ossuary)
  A jackal skeleton (D:6)
  A jackal zombie (D:6)
  7 kobolds
  2 kobold skeletons (Ossuary)
  2 kobold zombies (Ossuary)
  3 leopard gecko skeletons
  6 orc skeletons (Ossuary)
  An orc zombie (Ossuary)
  2 quokka zombies
  3 rats
  2 rat skeletons (Ossuary)
  2 rat zombies (Ossuary)
253 creatures vanquished.

Vanquished Creatures (others)
  A gnoll zombie (Ossuary)
  A gnoll skeleton (Ossuary)
  A hobgoblin skeleton (Ossuary)
  2 kobold skeletons (Ossuary)
  3 kobold zombies (Ossuary)
  3 orc skeletons (Ossuary)
  An orc zombie (Ossuary)
  A rat skeleton (Ossuary)
  4 rat zombies (Ossuary)
17 creatures vanquished.

Grand Total: 270 creatures vanquished

Notes
Turn   | Place    | Note
-------+----------+-------------------------------------------
     0 | D:1      | JeffiDaFish the Gargoyle Fighter began the quest for the Orb.
     0 | D:1      | Reached XP level 1. HP: 14/14 MP: 1/1
   281 | D:1      | Reached XP level 2. HP: 19/19 MP: 2/2
   637 | D:2      | Noticed Terence
   643 | D:2      | Killed Terence
   643 | D:2      | Reached XP level 3. HP: 16/24 MP: 3/3
  1165 | D:2      | Reached XP level 4. HP: 28/29 MP: 4/4
  1470 | D:3      | Reached skill level 3 in Maces & Flails
  1851 | D:3      | Found a sparkling altar of Nemelex Xobeh.
  1875 | D:3      | Reached XP level 5. HP: 27/33 MP: 5/5
  2053 | D:4      | Found Zostaopu's Distillery.
  2293 | D:4      | Reached skill level 4 in Maces & Flails
  2298 | D:4      | Reached XP level 6. HP: 33/38 MP: 6/6
  2352 | D:4      | Noticed Sigmund
  2361 | D:4      | Killed Sigmund
  2646 | D:4      | Found a white marble altar of Elyvilon.
  2770 | D:4      | Found a stormy altar of Qazlal.
  2807 | D:4      | Found a shadowy altar of Dithmenos.
  2890 | D:4      | Reached skill level 5 in Maces & Flails
  3000 | D:4      | Reached XP level 7. HP: 37/44 MP: 7/7
  3033 | D:5      | Entered Level 5 of the Dungeon
  3105 | D:5      | Reached skill level 1 in Dodging
  3237 | D:5      | Found a staircase to the Ecumenical Temple.
  3302 | Temple   | Entered the Ecumenical Temple
  3321 | Temple   | Became a worshipper of Warmaster Okawaru
  3347 | D:5      | Found a blossoming altar of Fedhas.
  3471 | D:5      | Found a glowing silver altar of Zin.
  3638 | D:5      | Reached skill level 5 in Shields
  3859 | D:5      | Reached skill level 5 in Armour
  3898 | D:5      | Reached skill level 5 in Fighting
  3922 | D:5      | Reached skill level 6 in Maces & Flails
  3922 | D:5      | Reached XP level 8. HP: 25/49 MP: 8/8
  4338 | D:6      | Found a shimmering altar of Xom.
  4378 | D:6      | Found a radiant altar of Vehumet.
  4478 | D:6      | Reached * piety under Okawaru
  4772 | D:6      | Gained mutation: You are agile. (Dex +2) [potion of mutation]
  4772 | D:6      | Gained mutation: You have a pair of small antennae on your head. [potion of mutation]
  4772 | D:6      | Gained mutation: You are robust. (+10% HP) [potion of mutation]
  5064 | D:6      | Found a sacrificial altar of Ru.
  5357 | D:7      | Found Atyrishri's Food Shoppe.
  5437 | D:7      | Found a sand-covered staircase.
  5459 | Ossuary  | Entered an ossuary
  5689 | Ossuary  | Reached skill level 7 in Maces & Flails
  5701 | Ossuary  | Noticed Menkaure
  5705 | Ossuary  | Killed Menkaure
  5793 | D:7      | Found a blossoming altar of Fedhas.
  5813 | D:7      | Noticed Duvessa
  5814 | D:7      | Noticed Dowan
  5828 | D:7      | Killed Duvessa
  5828 | D:7      | Reached ** piety under Okawaru
  5832 | D:7      | Killed Dowan
  5904 | D:7      | Reached XP level 9. HP: 59/59 MP: 9/9
  5919 | D:7      | Found Lofuntot's Armour Shop.
  6113 | D:7      | Bought a +0 cloak for 72 gold pieces
  6293 | D:7      | Reached skill level 8 in Maces & Flails
  6610 | D:7      | Found Qoadufif's Assorted Antiques.
  6704 | D:7      | Bought a glowing chain mail for 150 gold pieces
  6856 | D:8      | Reached *** piety under Okawaru
  6984 | D:8      | Found a hazy altar of Hepliaklqana.
  7020 | D:8      | Noticed a two-headed ogre
  7031 | D:8      | Killed a two-headed ogre
  7031 | D:8      | Reached skill level 9 in Maces & Flails
  7119 | D:8      | Reached XP level 10. HP: 65/66 MP: 10/10
  7286 | D:8      | Reached skill level 10 in Maces & Flails
  7343 | D:8      | Found Tesenis's Serpentskin Sales.
  7358 | D:8      | Reached **** piety under Okawaru
  7592 | D:9      | Got a bloodstained mace
  7593 | D:9      | Identified the cursed +2 mace of Sin {venom, +Fly rF+ rN+ Dex-5} (You found it on level 9 of the Dungeon)
  7719 | D:9      | Found an opulent altar of Gozag.
  7993 | D:9      | Reached ***** piety under Okawaru
  8163 | D:9      | Noticed a moth of wrath
  8166 | D:9      | Found a bloodstained altar of Trog.
  8337 | D:10     | Entered Level 10 of the Dungeon
  8453 | D:10     | Reached skill level 11 in Maces & Flails
  8510 | D:10     | You fall through a shaft for 3 floors!
  8511 | D:13     | Noticed a skeletal warrior
  8512 | D:13     | Noticed a death knight
  8526 | D:13     | Killed a death knight
  8526 | D:13     | Received a gift from Okawaru
  8526 | D:13     | Reached XP level 11. HP: 53/73 MP: 11/11
  8565 | D:13     | Killed a skeletal warrior
  8588 | D:13     | Mangled by a freezing wraith

Skill      XL: |  1  2  3  4  5  6  7  8  9 10 |
---------------+-------------------------------+-----
Shields        | 4 5 6 7 9 |  9.9
Fighting       | 4 5 6 7 |  7.5
Maces & Flails | 3 4 5 6 7 9 11 | 11.5
Armour         | 4 5 6 7 |  7.3
Dodging        | 1 2 |  2.8
Stealth        | |  0.8
Evocations     | |  0.3

Action                   |  1- 3 |  4- 6 |  7- 9 | 10-12 || total
-------------------------+-------+-------+-------+-------++-------
Melee: Flail             |    78 |   166 |   494 |   325 ||  1063
Evoke: Wand              |       |       |       |     2 ||     2
  Use: Scroll            |     6 |     1 |    12 |     5 ||    24
       Potion            |     3 |     3 |     4 |     2 ||    12
  Eat: Chunk             |       |     6 |    10 |     5 ||    21
       Meat ration       |       |       |     1 |       ||     1
Armor: Scale mail        |    43 |   106 |   166 |       ||   315
       Chain mail        |       |       |   119 |   199 ||   318
Dodge: Dodged            |    15 |    46 |   134 |    86 ||   281
Block: Shield            |    45 |    92 |   254 |   229 ||   620
